 Dungeon Crawl Stone Soup version 0.28-a0-662-g1651b1f1e0 (webtiles) character file.

Game seed: 14553282940133376584

1218 Irenicus the Geomancer (level 8, 15/62 HPs)
             Began as a Deep Dwarf Earth Elementalist on Oct 14, 2021.
             Quit the game on level 5 of the Dungeon.
             The game lasted 00:12:16 (1226 turns).

Irenicus the Geomancer (DDEE)                       Turns: 1226, Time: 00:12:16

Health: 15/62      AC:  0    Str: 12    XL:     8   Next: 22%
Magic:  2/9        EV: 14    Int: 18    God:
Gold:   177        SH:  0    Dex: 13    Spells: 4/10 levels left

rFire   . . .      SeeInvis .   (weapon currently unavailable)
rCold   . . .      Faith    .   (shield currently unavailable)
rNeg    . . .      Spirit   .   (armour currently unavailable)
rPois   .          Reflect  .   (helmet currently unavailable)
rElec   .          Harm     .   (cloak currently unavailable)
rCorr   .          Rampage  .   (gloves currently unavailable)
Will    +....                   (boots currently unavailable)
Stlth   ++........              (no amulet)
HPRegen 0.00/turn               (ring currently unavailable)
MPRegen 0.11/turn               (ring currently unavailable)

@: mighty, pig-form, very quick
A: fast, no casting, damage resistance, heal wounds, small, sense surroundings
1, no regeneration
a: Heal Wounds


You were on level 5 of the Dungeon.
You were a filthy swine.
You visited 1 branch of the dungeon, and saw 5 of its levels.

You collected 177 gold pieces.


Innate Abilities, Weirdness & Mutations

You are a filthy swine.
You move quickly.
Your equipment is almost entirely melded.
You are incapable of wielding weapons or throwing items.
You cannot cast spells.
You are resistant to damage.
You can heal yourself by infusing magical energy.
You passively map a small area around you.
You do not regenerate.


   Skills:
 - Level 2.1 Dodging
 - Level 2.4 Stealth
 - Level 1.7 Spellcasting
 - Level 0.8 Transmutations
 + Level 13.3 Earth Magic


You had 4 spell levels left.
You knew the following spells:

 Your Spells              Type           Power      Damage    Failure   Level
t - Stone Arrow           Conj/Erth      50%        3d10      3%          3
w - Passwall              Tmut/Erth      22%        N/A       1%          2
z - Sandblast             Erth           98%        2d20      1%          1

Your spell library contained the following spells:

 Spells                   Type           Power      Damage    Failure   Level
 Petrify                  Tmut/Erth      27%        N/A       10%         4

Inventory:

Hand Weapons
 a - a +3 dagger of draining (melded)
Missiles
 c - 46 stones
Armour
 d - a +0 pair of boots (melded)
 f - a +0 leather armour (melded)
Magical Staves
 e - a staff of poison {!a}
Jewellery
 I - a +6 ring of intelligence (melded)
Wands
 b - a wand of acid (11)
 i - a wand of iceblast (4)
Scrolls
 g - a scroll of teleportation {@r2}

Dungeon Overview and Level Annotations

Branches:
Dungeon (5/15)
 Temple: D:4-7

Altars:
Elyvilon
Trog
Wu Jian
Yredelemnul
The Shining One

Shops:
D:5 [

Annotations:
D:4 Dowan

##...######.#........ #.#.....
#.....# #.#.###.##. #...####
.....## #.#.###.# ##..# ###.##
#.#..)..# # #..#### #.#
#.#.##..##.# #...... #.#
#.#........# #.##### ##'##
#.####..#### #.# ##...##
#.......# #.# #.....## ######h##
#.# .).....## ##.##.# ##.## #
........####...#.#########...####
........+.......................+
........####...#.#########..)##..
.▒.)...## ##.##)# #......#..#
.▒....## ####.## #.##.#...##
.▒▒▒.### #####...# #.##.#..##.
...▒...# #....<..# #.#......#.


There were no monsters in sight!


Message History

You feel very mighty all of a sudden.
Dowan casts a spell.
Dowan blinks!
Casting: Sandblast (safe; 1% risk of failure)
Confirm with . or Enter, or press ? or * to list all spells.
Aiming: Sandblast (safe; 1% risk of failure)
Press: ? - help, Shift-Dir - straight line, f/p - Dowan
Aim: Dowan, wielding a +0 dagger, wearing a +0 robe and carrying a wand of polymorph (7) (fast, 78% to hit)
Okay, then.
You aren't carrying any potions.
Use which ability? (? or * to list)
Your magical essence is drained by the effort!
You feel much better.
Dowan points at you and mumbles some strange words.
The stone arrow hits you!
* * * LOW HITPOINT WARNING * * *
Dowan zaps a wand.
You turn into a filthy swine.
Your +3 dagger of draining melds into your body.
Your +0 pair of boots melds into your body.
Your +0 leather armour melds into your body.
Your +6 ring of intelligence melds into your body.
You feel stupid.
You can't do that in your present form.
You can't do that in your present form.
Dowan zaps a wand.
You resist with almost no effort.
There is a stone staircase leading down here.
You climb downwards.
There is a stone staircase leading up here.
You see here a +0 giant spiked club.
Are you sure you want to abandon this character and quit the game? (Confirm with "yes".)

Skill      XL: |  1  2  3  4  5  6  7  8 |
---------------+-------------------------+-----
Earth Magic    | 5 6 7 9 10 12 13 | 13.3
Dodging        | |  2.1
Stealth        | |  2.4
Spellcasting   | |  1.7
Transmutations | |  0.8

Action                   |  1- 3 |  4- 6 |  7- 9 || total
-------------------------+-------+-------+-------++-------
Melee: Unarmed           |    29 |       |       ||    29
       Dagger            |     1 |       |    21 ||    22
 Cast: Sandblast         |    18 |    33 |    23 ||    74
       Stone Arrow       |       |       |     4 ||     4
 Abil: Heal Wounds       |     1 |     1 |     1 ||     3
  Use: Potion            |     3 |       |     2 ||     5
       Scroll            |       |     1 |       ||     1
Armor: Skin              |    35 |       |       ||    35
       Robe              |     1 |       |       ||     1
       Leather armour    |       |     1 |     3 ||     4
Dodge: Dodged            |    18 |     5 |    12 ||    35

Levels and vault maps discovered:
D:1:      dpeg_arrival_lava_temple_mockup, layout_basic,
          shapermc_ecumenical_altar_ellora, serial_shops,
          nicolae_shop_behind_doors, minmay_tiny_reverse_x
D:2:      layout_basic, uniq_terence, uniq_robin
D:3:      layout_basic, minmay_misc_feat_doors, chequers_serial_rivers_micro_c
D:4:      layout_basic, mainiacjoe_overflow_catwalk_spiral,
          chequers_serial_rivers_micro_e, minmay_manual_mandibuliform,
          uniq_duvessa
D:5:      layout_loops_corners, overflow_temple_1_default,
          chequers_temple_overflow_statue_of_worship, trog_wizard, serial_shops,
          shop, minmay_fractal_squares_gapless_5

Notes
Turn   | Place    | Note
-------+----------+-------------------------------------------
     0 | D:1      | Irenicus the Deep Dwarf Earth Elementalist began the quest
                  | for the Orb.
     0 | D:1      | Reached XP level 1. HP: 15/15 MP: 3/3
    83 | D:2      | Noticed Terence
   103 | D:2      | Reached XP level 2. HP: 18/18 MP: 1/4
   115 | D:2      | Reached skill level 5 in Earth Magic
   119 | D:2      | Killed Terence
   120 | D:2      | Reached XP level 3. HP: 10/28 MP: 0/5
   326 | D:2      | Reached skill level 6 in Earth Magic
   379 | D:3      | Reached XP level 4. HP: 4/36 MP: 3/6
   440 | D:5      | Entered Level 5 of the Dungeon
   461 | D:5      | Noticed an ogre
   465 | D:5      | Killed an ogre
   466 | D:5      | Reached skill level 7 in Earth Magic
   466 | D:5      | Reached XP level 5. HP: 34/42 MP: 3/7
   489 | D:5      | Noticed an ogre
   494 | D:5      | Killed an ogre
   495 | D:5      | Reached skill level 8 in Earth Magic
   566 | D:5      | Reached skill level 9 in Earth Magic
   566 | D:5      | Reached XP level 6. HP: 40/49 MP: 3/8
   617 | D:5      | Found an ornate altar of the Wu Jian Council.
   617 | D:5      | Found Zoheig's Antique Armour Shoppe.
   638 | D:5      | Reached skill level 10 in Earth Magic
   780 | D:5      | Reached XP level 7. HP: 43/55 MP: 6/9
   798 | D:5      | Noticed a steam dragon
   810 | D:5      | Killed a steam dragon
   811 | D:5      | Reached skill level 11 in Earth Magic
   861 | D:5      | Reached skill level 12 in Earth Magic
   864 | D:5      | Learned a level 2 spell: Passwall
   888 | D:5      | Learned a level 3 spell: Stone Arrow
   891 | D:5      | Found a white marble altar of Elyvilon.
   891 | D:5      | Found a basalt altar of Yredelemnul.
   892 | D:5      | Found a glowing golden altar of the Shining One.
  1043 | D:5      | Found a bloodstained altar of Trog.
  1045 | D:5      | Noticed a wizard
  1050 | D:5      | Killed a wizard
  1068 | D:5      | Reached XP level 8. HP: 21/62 MP: 4/10
  1192 | D:4      | Noticed Duvessa
  1204 | D:4      | Reached skill level 13 in Earth Magic
  1204 | D:4      | Noticed Dowan
  1208 | D:4      | Killed Duvessa
  1226 | D:5      | Quit the game

Vanquished Creatures
  A steam dragon (D:5)
  Duvessa (D:4)
  5 ogres
  A necrophage (D:5)
  2 scorpions (D:5)
  2 bullfrog zombies (D:5)
  An orc priest (D:3)
  A hound (D:5)
  A gnoll shaman (D:5)
  2 bullfrog skeletons (D:5)
  Terence (D:2)
  An iguana (D:5)
  5 gnolls (D:5)
  3 adders (D:5)
  An adder skeleton (D:5)
  A dart slug (D:2)
  7 orcs
  2 ball pythons (D:2)
  An endoplasm (D:2)
  A giant cockroach (D:2)
  3 goblins
  2 hobgoblins
  A bat (D:2)
  2 frilled lizards (D:2)
  3 kobolds
  2 rats (D:2)
53 creatures vanquished.

Vanquished Creatures (others)
  A wizard (D:5)
1 creature vanquished.

Grand Total: 54 creatures vanquished

Table legend: (Time is in decaauts)
 A = Elapsed time spent in this place.
 B = Non-inter-level travel time spent in this place.
 C = Inter-level travel time spent in this place.
 D = Time resting spent in this place.
 E = Time spent auto-exploring this place.
 F = Levels seen in this place.
 G = Mean time per level.
                   A        B        C        D        E       F      G
               +--------+--------+--------+--------+--------+-----+--------+
         Total |   1229 |   1229 |      0 |     50 |      0 |   5 |  245.8 |
       Dungeon |   1229 |   1229 |      0 |     50 |      0 |   5 |  245.8 |
               +--------+--------+--------+--------+--------+-----+--------+

Top non-repeatable levels by time:
     D:5: 670 daAuts
     D:2: 335 daAuts
     D:4: 169 daAuts
     D:3: 52 daAuts
     D:1: 2 daAuts

Table legend:
 A = Non-vault XP
 B = Vault XP
 C = Vault XP percentage of total XP
 D = Non-vault monster count
 E = Vault monster count
 F = Vault count percentage of total count
                 A         B        C        D         E       F
            +---------+---------+-------+---------+---------+-------
      Total |    1365 |     376 |  21.6 |      47 |       6 |  11.3
            +---------+---------+-------+---------+---------+-------
        D:2 |      25 |      36 |  59.0 |      15 |       1 |   6.2
        D:3 |      55 |       0 |   0.0 |       5 |       0 |   0.0
        D:4 |     124 |     142 |  53.4 |       3 |       1 |  25.0
        D:5 |    1161 |     198 |  14.6 |      24 |       4 |  14.3
            +---------+---------+-------+---------+---------+-------
